[Event "Team 45 45 League T41"]
[Site "Internet Chess Club"]
[Date "2009.05.24"]
[Round "4"]
[White "Andressa"]
[Black "Pillsbury57"]
[Result "1-0"]
[WhiteElo "1538"]
[BlackElo "1536"]
[Opening "Pirc: Austrian attack, 6.Bd3"]
[ECO "B09"]
[Time "19:00:29"]
[TimeControl "2700+45"]

1. e4 d6 2. d4 Nf6 3. Nc3 g6 4. f4 Bg7 5. Bd3 O-O 6. Nf3 c6 7. Be3 b5 8. Qe2 b4
9. Na4 Qa5 10. b3 Ba6 11. Bxa6 Nxa6 12. Nd2 d5 13. Bf2 e6 14. e5 Nd7 15. O-O
Rac8 16. Nf3 c5 17. Rac1 c4 18. Bh4 c3 19. Be7 Rfe8 20. Bd6 Nc7 21. Ra1 Nb5 22.
Nc5 Nxc5 23. Bxc5 Na3 24. Rad1 Rb8 25. Ne1 Qb5 26. Qxb5 Rxb5 27. Bxa7 Rb7 28.
Bc5 Bf8 29. Rf2 Bxc5 30. dxc5 Rc8 31. Nd3 Rcc7 32. g4 Kg7 33. Kg2 f6 34. exf6+
Kxf6 35. g5+ Kg7 36. Re1 Re7 37. c6 Rb6 38. Re5 Rxc6 39. Nxb4 Rd6 40. Rfe2 Nb5
41. Nxd5 Re8 42. Nf6 Rf8 43. Rxb5 Rd2 44. Rb7+ Rf7 45. Rxf7+ Kxf7 46. Kf1 Rd4
47. Ne4 Ke7 48. a4 Rd5 49. Nxc3 Rf5 50. Kg2 Kd6 51. Nb5+ Kd7 52. Kf3 Rc5 53. Nd4
Rc3+ 54. Re3 Rxe3+ 55. Kxe3 Kd6 56. Nxe6 Kxe6 57. c4 Kd6 58. b4 Kc6 59. Ke4 Kd6
60. a5 Kc6 61. b5+ Kb7 62. c5 Kc7 63. a6 Kb8 64. b6 Ka8 65. c6 h6 66. c7 {Black
resigns} 1-0

[Event "Team 45 45 League T41"]
[Site "Internet Chess Club"]
[Date "2009.05.25"]
[Round "4"]
[White "achessfool"]
[Black "smsxman"]
[Result "1-0"]
[WhiteElo "1422"]
[BlackElo "1502"]
[Opening "Ruy Lopez: old Steinitz defense"]
[ECO "C62"]
[Time "12:00:36"]
[TimeControl "2700+45"]

1. e4 e5 2. Nf3 Nc6 3. Bb5 d6 4. d4 exd4 5. Nxd4 Bd7 6. Nc3 Nf6 7. Bxc6 bxc6 8.
Qd3 Be7 9. Nf5 O-O 10. Qg3 Bxf5 11. exf5 Re8 12. Bh6 Nh5 13. Qg4 Bg5+ 14. Kf1
Bxh6 15. Qxh5 Qf6 16. Qf3 d5 17. Rd1 Re5 18. g3 Rxf5 19. Qg2 Be3 20. f4 Kh8 21.
Rd3 d4 22. Ne2 Rg8 23. Nxd4 Bxd4 24. Qe4 Bxb2 25. Rd7 Be5 26. Kg2 Bc3 27. Rxc7
Rd5 28. Rf1 Rd2+ 29. Rf2 Rxf2+ 30. Kxf2 Bd4+ 31. Kg2 c5 32. Rxa7 Rd8 33. Re7 Bc3
34. Re8+ {Black resigns} 1-0

[Event "Team 45 45 League T41"]
[Site "Internet Chess Club"]
[Date "2009.05.22"]
[Round "4"]
[White "ElMarginal"]
[Black "BishopMike"]
[Result "1-0"]
[WhiteElo "1496"]
[BlackElo "1454"]
[Opening "Trompowsky attack (Ruth, Opocenský opening)"]
[ECO "A45"]
[Time "23:02:24"]
[TimeControl "2700+45"]

1. d4 Nf6 2. Bg5 e6 3. e4 Be7 4. Nc3 Nc6 5. Nf3 h6 6. Bh4 d6 7. Be2 Nxe4 8. Bxe7
Nxc3 9. Bxd8 Nxd1 10. Bxc7 Nxb2 11. Bxd6 Bd7 12. Ne5 Nxd4 13. Nxd7 Nxc2+ 14. Kd2
Nxa1 15. Rxa1 Kxd7 16. Be5 Rhd8 17. Bxb2 Ke7+ 18. Ke1 f6 19. Ba3+ Kf7 20. Rc1
Rac8 21. Bh5+ g6 22. Bf3 Rxc1+ 23. Bxc1 Rd7 24. Be3 a5 25. Bb6 a4 26. Bd1 Rd6
27. Ba5 Rd5 28. Bb4 b5 29. Bf3 Re5+ 30. Kd2 h5 31. h4 Kg7 32. Bd6 Rf5 33. Ke3
Rxf3+ 34. Kxf3 g5 35. hxg5 fxg5 36. Ke4 Kf6 37. Be5+ Ke7 38. Bc3 h4 39. Kf3 Kf7
40. Kg4 Kg6 41. a3 h3 42. gxh3 Kh6 43. Bd2 e5 44. Bxg5+ Kg6 45. Bd2 e4 46. Kf4
Kh5 47. Kxe4 Kh4 48. f4 b4 49. Bxb4 {Black resigns} 1-0

[Event "Team 45 45 League T41"]
[Site "Internet Chess Club"]
[Date "2009.05.26"]
[Round "4"]
[White "MRuperez"]
[Black "PandorasBox"]
[Result "0-1"]
[WhiteElo "2255"]
[BlackElo "2208"]
[Opening "Dutch: Leningrad, main variation"]
[ECO "A87"]
[Time "06:02:01"]
[TimeControl "2700+45"]

1. d4 f5 2. c4 Nf6 3. g3 g6 4. Bg2 Bg7 5. Nf3 O-O 6. O-O d6 7. b3 e5 8. dxe5
dxe5 9. Bb2 e4 10. Ng5 Nc6 11. Na3 Qe7 12. Nc2 Rd8 13. Qc1 h6 14. Nh3 g5 15. f3
exf3 16. exf3 f4 17. gxf4 Bxh3 18. Bxh3 Nh5 19. Re1 Qc5+ 20. Kh1 Nxf4 21. Be6+
Nxe6 22. Rxe6 Qf2 23. Bxg7 Rd2 24. Qxd2 Qxd2 25. Bxh6 Qxc2 26. Rg1 Kf7 27. Re3
Rh8 28. Rg2 Qc1+ {White resigns} 0-1

[Event "Team 45 45 League T41"]
[Site "Internet Chess Club"]
[Date "2009.05.21"]
[Round "4"]
[White "Despair"]
[Black "Morovon23"]
[Result "1/2-1/2"]
[WhiteElo "1920"]
[BlackElo "2126"]
[Opening "Benko's opening"]
[ECO "A00"]
[Time "22:00:08"]
[TimeControl "2700+45"]

1. g3 d5 2. Bg2 Nf6 3. c4 c6 4. cxd5 cxd5 5. Nf3 Nc6 6. d4 Bg4 7. Ne5 Bf5 8.
Nxc6 bxc6 9. Nc3 e6 10. O-O Be7 11. b3 O-O 12. Bg5 Rc8 13. Na4 Nd7 14. Bxe7 Qxe7
15. Rc1 c5 16. dxc5 Nxc5 17. Nc3 Rfd8 18. Qd4 a5 19. Rcd1 Qe8 20. Rc1 e5 21. Qd2
d4 22. Nd5 {Game drawn by mutual agreement} 1/2-1/2

[Event "Team 45 45 League T41"]
[Site "Internet Chess Club"]
[Date "2009.05.22"]
[Round "4"]
[White "Majamutu"]
[Black "MRX"]
[Result "1-0"]
[WhiteElo "2020"]
[BlackElo "1728"]
[Opening "Caro-Kann: exchange, Rubinstein variation"]
[ECO "B13"]
[Time "13:01:33"]
[TimeControl "2700+45"]

1. e4 c6 2. d4 d5 3. exd5 cxd5 4. Bd3 Nc6 5. c3 Nf6 6. Bf4 g6 7. Nd2 Bg7 8. Ngf3
O-O 9. h3 Bf5 10. Bxf5 gxf5 11. g4 e6 12. gxf5 exf5 13. Rg1 Re8+ 14. Ne5 Nxe5
15. Bxe5 Kh8 16. Kf1 Rg8 17. Qf3 Qd7 18. Rxg7 Rxg7 19. Bxf6 Qe6 20. Bxg7+ Kxg7
21. Qg3+ Kf8 22. Re1 Qg6 23. Nf3 Qxg3 24. fxg3 f6 25. Re6 Kf7 26. Rd6 {Black
resigns} 1-0

[Event "Team 45 45 League T41"]
[Site "Internet Chess Club"]
[Date "2009.05.26"]
[Round "4"]
[White "kai"]
[Black "frank001"]
[Result "0-1"]
[WhiteElo "1914"]
[BlackElo "1953"]
[Opening "Sicilian: Pelikan, Chelyabinsk variation"]
[ECO "B33"]
[Time "14:00:04"]
[TimeControl "2700+45"]

1. e4 c5 2. Nf3 Nc6 3. d4 cxd4 4. Nxd4 Nf6 5. Nc3 e5 6. Ndb5 d6 7. Bg5 a6 8. Na3
b5 9. Bxf6 gxf6 10. Nd5 Bg7 11. Bd3 Ne7 12. Nxe7 Qxe7 13. c3 f5 14. O-O O-O 15.
Nc2 f4 16. a4 bxa4 17. Rxa4 Qg5 18. Re1 Bf6 19. Nb4 Kh8 20. f3 Rg8 21. Bf1 Be7
22. Qd2 Bd7 23. Rxa6 Rxa6 24. Nxa6 Rg6 25. Nb4 Qh5 26. Qe2 Bh4 27. Ra1 Bg3 28.
Ra8+ Kg7 29. h3 Qh4 30. Kh1 Bxh3 31. gxh3 Bf2 32. Bg2 Rxg2 33. Kxg2 Qg3+ 34. Kh1
Qg1# {White checkmated} 0-1

[Event "Team 45 45 League T41"]
[Site "Internet Chess Club"]
[Date "2009.05.24"]
[Round "4"]
[White "cesaralexander"]
[Black "Egmont"]
[Result "1-0"]
[WhiteElo "2019"]
[BlackElo "1670"]
[Opening "QGD Slav: Dutch variation"]
[ECO "D18"]
[Time "04:32:29"]
[TimeControl "2700+45"]

1. d4 d5 2. c4 c6 3. Nf3 Nf6 4. Nc3 dxc4 5. a4 Bf5 6. e3 e6 7. Bxc4 Bb4 8. O-O
O-O 9. Nh4 Nbd7 10. Qe2 Ne4 11. Nxf5 Nxc3 12. bxc3 Bxc3 13. Ra3 Bb4 14. Rb3 Qa5
15. Ng3 Qxa4 16. Bb2 c5 17. Ra1 Qc6 18. Bb5 Qd5 19. Bc4 Qd6 20. Ne4 Qe7 21. dxc5
Bxc5 22. Rxb7 Rfd8 23. Bb5 Bb6 24. Rd1 Qh4 25. Qf3 Ne5 26. Rxd8+ Rxd8 27. Bxe5
{Black resigns} 1-0

[Event "Team 45 45 League T41"]
[Site "Internet Chess Club"]
[Date "2009.05.24"]
[Round "4"]
[White "playwaycool"]
[Black "chess92192"]
[Result "1-0"]
[WhiteElo "2080"]
[BlackElo "1977"]
[Opening "Dutch, 2.Bg5 variation"]
[ECO "A80"]
[Time "19:00:05"]
[TimeControl "2700+45"]

1. d4 f5 2. Bg5 g6 3. h4 Bg7 4. h5 h6 5. Bc1 g5 6. g4 e6 7. gxf5 exf5 8. Bg2 Qf6
9. c3 Ne7 10. Nd2 d5 11. Qb3 c6 12. e3 Nd7 13. c4 Qd6 14. Ne2 b6 15. Nc3 Bb7 16.
cxd5 cxd5 17. Nb5 Qc6 18. Nc4 Nc8 19. Bd2 a6 20. Nc3 Ne7 21. Rc1 dxc4 22. Bxc6
cxb3 23. Bxb7 Ra7 24. Bg2 bxa2 25. Nxa2 Nf6 26. Ke2 Kd7 27. Nc3 Rc7 28. Kd3 Rhc8
29. e4 fxe4+ 30. Nxe4 Nxe4 31. Bxe4 Rxc1 32. Rxc1 Rxc1 33. Bxc1 Nc6 34. Bxc6+
Kxc6 35. Ke4 a5 36. b3 Bf8 37. d5+ Kd7 38. Bd2 Bd6 39. Bc3 Ke7 40. Kd3 Bf4 41.
Kc4 Kd6 42. f3 Be5 43. Bd2 Kc7 44. Be3 Bd6 45. Kb5 Bb4 46. Bxb6+ Kd6 47. Bxa5
Bc5 48. Kc4 Ba7 49. Bc3 g4 50. fxg4 Be3 51. b4 Bg5 52. b5 Be3 53. Bd4 {Black
resigns} 1-0

[Event "Team 45 45 League T41"]
[Site "Internet Chess Club"]
[Date "2009.05.25"]
[Round "4"]
[White "SilverBlade"]
[Black "bobhill"]
[Result "0-1"]
[WhiteElo "1695"]
[BlackElo "2042"]
[Opening "Sicilian: dragon, Yugoslav attack"]
[ECO "B75"]
[Time "10:02:44"]
[TimeControl "2700+45"]

1. e4 c5 2. Nf3 d6 3. d4 cxd4 4. Nxd4 Nf6 5. Nc3 g6 6. Be3 Bg7 7. f3 Nc6 8. Be2
O-O 9. Qd2 Nxd4 10. Bxd4 Be6 11. Be3 a6 12. O-O-O Qa5 13. Kb1 Kh8 14. Bh6 Rfc8
15. Bxg7+ Kxg7 16. h4 h5 17. a3 b5 18. Nd5 Qxd2 19. Rxd2 Bxd5 20. exd5 Rc5 21.
Rhd1 a5 22. g4 b4 23. a4 Rac8 24. b3 hxg4 25. fxg4 Ne4 26. Bc4 Nxd2+ 27. Rxd2
Rh8 28. Rh2 Rcc8 29. Kc1 Rh6 30. h5 gxh5 31. gxh5 Rg8 32. Rg2+ Kf8 33. Rxg8+
Kxg8 34. Be2 Rf6 35. Bd3 Rf2 36. Kd1 Kg7 37. Ke1 Rh2 38. Be2 Kf6 39. Kd2 Ke5
{White resigns} 0-1

[Event "Team 45 45 League T41"]
[Site "Internet Chess Club"]
[Date "2009.05.22"]
[Round "4"]
[White "vollmerj"]
[Black "superplayer"]
[Result "1-0"]
[WhiteElo "1724"]
[BlackElo "1813"]
[Opening "Ruy Lopez: closed (9...Na5)"]
[ECO "C96"]
[Time "13:00:22"]
[TimeControl "2700+45"]

1. e4 e5 2. Nf3 Nc6 3. Bb5 a6 4. Ba4 Nf6 5. O-O Be7 6. Re1 b5 7. Bb3 d6 8. c3
O-O 9. h3 Na5 10. Bc2 Bb7 11. d4 Nc6 12. Nbd2 Re8 13. Nf1 Bf8 14. Ng3 g6 15. a4
Nb8 16. dxe5 dxe5 17. Qxd8 Rxd8 18. axb5 axb5 19. Rxa8 Bxa8 20. Bg5 Be7 21. Nxe5
Kg7 22. Bxf6+ Bxf6 23. Nf3 Be7 24. Rd1 Nd7 25. b4 Bc6 26. Nd4 Ne5 27. f4 Rxd4
28. Rxd4 Nc4 29. e5 Ne3 30. Be4 Be8 31. Kf2 Nc4 32. Bd5 c5 33. bxc5 Bxc5 34.
Bxc4 Bxd4+ 35. cxd4 bxc4 36. Ne4 Kf8 37. g3 Ke7 38. Ke3 Bd7 39. h4 Bc6 40. Nc3
Ke6 41. g4 h5 42. gxh5 gxh5 43. Ne4 Bd5 44. Ng3 Bg2 45. f5+ Kd5 46. Nxh5 Bf1 47.
Nf6+ Kc6 48. Ne4 Kd5 49. f6 Bg2 50. Nc3+ Ke6 51. h5 Kf5 52. Nb5 Kg5 53. Nd6 Bd5
54. Kd2 Kxh5 55. Kc3 Kg4 56. Nxc4 Kf4 57. Nb6 Be4 58. Kc4 Ke3 59. Nd5+ Kd2 60.
Nb6 Ke3 61. Kc5 Kf4 62. Nc8 Bf5 63. Nb6 Ke4 64. Nc4 Be6 65. Nd6+ Kf4 66. Nb7 Ke4
67. Nd8 Bd5 68. e6 {Black resigns} 1-0

[Event "Team 45 45 League T41"]
[Site "Internet Chess Club"]
[Date "2009.05.23"]
[Round "4"]
[White "John3v16"]
[Black "medsurg"]
[Result "1-0"]
[WhiteElo "1676"]
[BlackElo "1412"]
[Opening "Queen's pawn: Keres defense"]
[ECO "A10"]
[Time "01:00:22"]
[TimeControl "2700+45"]

1. c4 b6 2. d4 e6 3. e4 Bb7 4. Nc3 Bb4 5. Bd3 Ne7 6. Ne2 O-O 7. Bg5 f6 8. Bd2 f5
9. f3 Ng6 10. exf5 exf5 11. a3 Bd6 12. Qb3 Kh8 13. O-O-O c5 14. d5 Na6 15. Nb5
Be5 16. f4 Bf6 17. Qc2 Nh4 18. g3 Nf3 19. Nd6 Nxd2 20. Rxd2 Qc7 21. Nxb7 Qxb7
22. Bxf5 d6 23. Bxh7 b5 24. Qg6 Rab8 25. Qh5 {Black resigns} 1-0

[Event "Team 45 45 League T41"]
[Site "Internet Chess Club"]
[Date "2009.05.24"]
[Round "4"]
[White "natethegreat"]
[Black "Knight77"]
[Result "0-1"]
[WhiteElo "1809"]
[BlackElo "1931"]
[Opening "Sicilian: Alapin's variation (2.c3)"]
[ECO "B22"]
[Time "23:04:14"]
[TimeControl "2700+45"]

1. e4 c5 2. c3 g6 3. d4 Bg7 4. Nf3 cxd4 5. cxd4 Nc6 6. Nc3 e6 7. Bf4 Qb6 8. Nb5
e5 9. dxe5 Nge7 10. Nd6+ Kf8 11. Qc1 Nxe5 12. Nxe5 Qxd6 13. Nc4 Qd4 14. f3 d5
15. Be3 Qf6 16. exd5 Nxd5 17. Bc5+ Kg8 18. a4 Bf5 19. Be2 Re8 20. Qd2 Qh4+ 21.
Kf1 Nf4 22. Bf2 Qg5 23. Bg3 Rxe2 24. Qxf4 Qxf4 25. Bxf4 Bd3 26. Rd1 Bxc4 {White
resigns} 0-1

[Event "Team 45 45 League T41"]
[Site "Internet Chess Club"]
[Date "2009.05.22"]
[Round "4"]
[White "CHESSISTA1"]
[Black "avila"]
[Result "1/2-1/2"]
[WhiteElo "1678"]
[BlackElo "1788"]
[Opening "QGD Slav defense"]
[ECO "D10"]
[Time "21:31:43"]
[TimeControl "2700+45"]

1. d4 d5 2. c4 c6 3. Nc3 Nf6 4. Bg5 h6 5. Bxf6 exf6 6. cxd5 cxd5 7. Qb3 Nc6 8.
e3 Bb4 9. Nf3 O-O 10. Rc1 Re8 11. Bd3 a5 12. O-O Bxc3 13. Rxc3 Qd6 14. h3 Bd7
15. Rfc1 Rec8 16. a3 Rc7 17. R1c2 Rac8 18. Qb6 Qe6 19. b4 axb4 20. axb4 g6 21.
b5 Nd8 {Game drawn by mutual agreement} 1/2-1/2

[Event "Team 45 45 League T41"]
[Site "Internet Chess Club"]
[Date "2009.05.22"]
[Round "4"]
[White "Caminator"]
[Black "cocou"]
[Result "0-1"]
[WhiteElo "1797"]
[BlackElo "1665"]
[Opening "Bishop's opening: Berlin defense"]
[ECO "C24"]
[Time "21:33:44"]
[TimeControl "2700+45"]

1. e4 e5 2. Bc4 Nf6 3. d3 Be7 4. Nc3 O-O 5. f4 exf4 6. Bxf4 Nc6 7. Nf3 Na5 8.
O-O Nxc4 9. dxc4 d6 10. Nd5 Nxd5 11. cxd5 Bg4 12. Qe1 Bf6 13. c3 Re8 14. Nd2 Bh5
15. Qf2 Qe7 16. Rae1 Bg5 17. Bxg5 Qxg5 18. Qf5 Qxd2 19. Qxh5 Rf8 20. Re2 Qd3 21.
Qf3 Qxf3 22. Rxf3 Rae8 23. Kf2 Re5 24. g4 Rfe8 25. Rfe3 h5 26. Kg3 hxg4 27. Kxg4
f6 28. Kf4 Kf7 29. h4 Rh8 30. Kg4 Reh5 31. Rh3 g5 32. Reh2 Kg6 33. c4 b6 34. b4
a5 35. b5 Rxh4+ 36. Rxh4 Rxh4+ 37. Rxh4 gxh4 38. Kxh4 f5 39. Kg3 fxe4 40. Kf4 e3
41. Kxe3 Kf5 42. Kd4 Kf4 43. Kd3 Kf3 44. a3 a4 45. Kd4 Ke2 46. Ke4 Kd2 47. Kf5
Kc3 48. c5 bxc5 49. Ke6 Kb2 50. b6 cxb6 51. Kxd6 c4 52. Ke7 c3 53. d6 c2 54. d7
c1=Q 55. Ke8 Qc6 56. Ke7 Qxd7+ 57. Kxd7 Kxa3 58. Kc6 Kb2 59. Kxb6 a3 60. Kc5 a2
61. Kd5 a1=Q 62. Ke4 Qd1 63. Ke3 Qd5 64. Kf4 Qe6 65. Kf3 Qe5 66. Kg4 Qf6 67. Kg3
Qf5 68. Kh4 Qg6 69. Kh3 Kc2 70. Kh4 Kd2 71. Kh3 Ke2 72. Kh2 Kf2 73. Kh1 Qh6#
{White checkmated} 0-1

[Event "Team 45 45 League T41"]
[Site "Internet Chess Club"]
[Date "2009.05.22"]
[Round "4"]
[White "Kravier"]
[Black "soccerisfun"]
[Result "1-0"]
[WhiteElo "1700"]
[BlackElo "1452"]
[Opening "Queen's pawn game"]
[ECO "D02"]
[Time "22:00:57"]
[TimeControl "2700+45"]

1. Nf3 d5 2. d4 Bf5 3. Bf4 e6 4. e3 Bd6 5. Bg3 Nf6 6. c4 O-O 7. Nc3 c6 8. cxd5
cxd5 9. Bd3 Bg6 10. O-O Bxg3 11. Bxg6 Bxf2+ 12. Rxf2 hxg6 13. Qb3 Qc7 14. Nb5
Qb6 15. Rc1 Nc6 16. Ne5 Nxe5 17. dxe5 Ne4 18. Rfc2 a6 19. Nd4 Qxb3 20. Nxb3 b5
21. Nd4 Kh7 22. g3 Kh6 23. Kf1 Kg5 24. Ke2 Rh8 25. Kd3 b4 26. a3 bxa3 27. bxa3
Rab8 28. Rf1 Rbf8 29. Rc7 Rxh2 30. Nf3+ Kg4 31. Nxh2+ Kxg3 32. Rc2 f6 33. Rg1+
Kh3 34. Nf3 g5 35. Rh2# {Black checkmated} 1-0

[Event "Team 45 45 League T41"]
[Site "Internet Chess Club"]
[Date "2009.05.21"]
[Round "4"]
[White "smsxman"]
[Black "knight2f3"]
[Result "1-0"]
[WhiteElo "1399"]
[BlackElo "1478"]
[Opening "Four knights game"]
[ECO "C47"]
[Time "14:08:03"]
[TimeControl "2700+45"]

1. e4 Nf6 2. Nc3 e5 3. Nf3 Nc6 4. Be2 Bc5 5. a3 O-O 6. O-O d5 7. exd5 Nxd5 8.
Nxd5 Qxd5 9. c4 Qd8 10. b4 Bd6 11. d3 h6 12. Re1 Bg4 13. h3 Bh5 14. b5 Ne7 15.
Bb2 f6 16. Qb3 Kh8 17. Rac1 Bf7 18. Qd1 Nf5 19. a4 Bc5 20. Rc2 Qe7 21. Nh2 Rad8
22. Bg4 Bg6 23. Qf3 Nd4 24. Bxd4 Rxd4 25. Bf5 Rf4 26. Qxf4 Bxf5 27. Qxf5 Bd4 28.
Nf3 Qb4 29. Rce2 Bc3 30. Rf1 Rd8 31. Nh4 Qd6 32. Rd1 Kg8 33. Qg6 Qf8 34. Qf5 Qf7
35. Qg6 Qf8 36. Nf5 Kh8 37. Nh4 Qb4 38. Nf5 Rg8 39. f4 Qc5+ 40. d4 Qxc4 41. Re4
Qxa4 42. Rf1 Qc2 43. Ne7 Bxd4+ 44. Rxd4 Qxg6 45. Nxg6+ Kh7 46. fxe5 Kxg6 47. e6
Re8 48. Re1 Kf5 49. Rd5+ Kf4 50. Kf2 f5 51. g3+ Kg5 52. Kf3 Kf6 53. Rde5 Re7 54.
h4 g6 55. g4 c6 56. gxf5 gxf5 57. Kf4 cxb5 58. Rxf5+ Kg6 59. Rxb5 a6 60. Rf5 b5
61. h5+ Kg7 62. Rg1+ Kh8 63. Ke5 Rc7 64. Rd1 b4 65. Rf7 Rc3 66. Rd8# {Black
checkmated} 1-0

[Event "Team 45 45 League T41"]
[Site "Internet Chess Club"]
[Date "2009.05.25"]
[Round "4"]
[White "Mutaant"]
[Black "CKNIGHT3"]
[Result "0-1"]
[WhiteElo "1437"]
[BlackElo "1555"]
[Opening "Sicilian defense"]
[ECO "B20"]
[Time "16:30:08"]
[TimeControl "2700+45"]

1. e4 c5 2. Bc4 e6 3. Nc3 Nc6 4. Qf3 Nf6 5. Nge2 Ne5 6. Qg3 Nxc4 7. d3 Nb6 8.
Bg5 d6 9. O-O Be7 10. Nb5 Nh5 11. Bxe7 Nxg3 12. Bxd8 Nxe2+ 13. Kh1 Kxd8 14. Nxd6
Ke7 {White resigns} 0-1

[Event "Team 45 45 League T41"]
[Site "Internet Chess Club"]
[Date "2009.05.26"]
[Round "4"]
[White "katabatico"]
[Black "beerss"]
[Result "1-0"]
[WhiteElo "1371"]
[BlackElo "1390"]
[Opening "French: exchange variation"]
[ECO "C01"]
[Time "12:00:11"]
[TimeControl "2700+45"]

1. e4 e6 2. d4 d5 3. exd5 exd5 4. Bd3 Nc6 5. c3 Nf6 6. Bg5 Be7 7. Nf3 O-O 8. O-O
Bg4 9. Nbd2 a6 10. h3 Bh5 11. Qc2 Bg6 12. Bxg6 fxg6 13. Rae1 Bd6 14. Ne5 Qe8 15.
Ndf3 Ne7 16. Nd3 Qd7 17. Bf4 Nf5 18. Nfe5 Qd8 19. Bg5 Qc8 20. Nf4 c6 21. Qb3 Ne4
22. Rxe4 Kh8 23. Ree1 h6 24. Nexg6+ Kh7 25. Nxf8+ Bxf8 26. Ne6 hxg5 27. Nxf8+
Qxf8 28. Qc2 g6 29. Re5 Re8 30. Rfe1 Rxe5 31. dxe5 Qe7 32. e6 Qc5 33. e7 Nxe7
34. Re6 Nf5 35. g4 Nh4 36. Qd3 Qf8 37. Re3 Qd6 38. Qe2 Qf6 39. Re6 Qf4 40. Re3
Qa4 41. Re7+ Kh6 42. Re8 Qf4 43. Rh8+ Kg7 44. Qe8 Qc1+ 45. Kh2 Qf4+ 46. Kg1 Nf3+
47. Kf1 Nh2+ 48. Kg2 Qf3+ 49. Kxh2 Qxf2+ 50. Kh1 Qf3+ 51. Kg1 Qg3+ 52. Kf1 Qf3+
53. Ke1 Qh1+ 54. Ke2 Qg2+ 55. Ke3 Qg1+ 56. Kd3 Qd1+ 57. Ke3 Qg1+ 58. Kd2 Qf2+
59. Kd3 Qf3+ 60. Kc2 Qf2+ 61. Kb3 Qb6+ 62. Kc2 Qf2+ 63. Kd3 Qg3+ 64. Ke2 Qg2+
65. Kd1 Qf1+ 66. Kc2 Qf2+ 67. Kd3 Qf3+ 68. Qe3 Qxe3+ 69. Kxe3 Kxh8 70. Kd4 b6
71. b4 Kg8 72. a4 Kf7 73. c4 Ke7 74. cxd5 Kd6 75. dxc6 Kxc6 76. Ke5 b5 77. a5
Kd7 78. Kf6 Kd6 79. Kxg6 Kd5 80. Kxg5 Kc4 81. h4 Kxb4 82. h5 Ka4 83. h6 b4 84.
h7 b3 85. h8=Q b2 86. Qxb2 Kxa5 {Black resigns} 1-0

[Event "Team 45 45 League T41"]
[Site "Internet Chess Club"]
[Date "2009.05.25"]
[Round "4"]
[White "seldredg"]
[Black "DrOMM"]
[Result "1-0"]
[WhiteElo "1451"]
[BlackElo "1321"]
[Opening "Queen's pawn game"]
[ECO "D02"]
[Time "14:46:03"]
[TimeControl "2700+45"]

1. d4 d5 2. Nf3 Bg4 3. Nbd2 e6 4. e3 c5 5. c3 Nf6 6. Be2 Bxf3 7. Nxf3 Ne4 8. Ne5
Qh4 9. g3 Qf6 10. Ng4 Qf5 11. Bd3 h5 12. Bxe4 Qxe4 13. f3 Qg6 14. Ne5 Qf6 15.
O-O Nc6 16. Qa4 Kd8 17. Nxc6+ bxc6 18. Qxc6 Rb8 19. e4 cxd4 20. e5 Qf5 21. cxd4
Qd3 22. Qa4 Rb4 23. Qa5+ {Black resigns} 1-0

[Event "Team 45 45 League T41"]
[Site "Internet Chess Club"]
[Date "2009.05.25"]
[Round "4"]
[White "mumu"]
[Black "rayonline53"]
[Result "0-1"]
[WhiteElo "1311"]
[BlackElo "1499"]
[Opening "Giuoco Pianissimo: Canal variation"]
[ECO "C55"]
[Time "14:00:26"]
[TimeControl "2700+45"]

1. e4 e5 2. Nf3 Nc6 3. Bc4 Nf6 4. d3 Bc5 5. Nc3 d6 6. Bg5 h6 7. Bh4 Bg4 8. h3
Bh5 9. g4 Bg6 10. Qd2 Nd4 11. Nxd4 Bxd4 12. O-O-O c6 13. Kb1 Nxe4 14. dxe4 Qxh4
15. f3 O-O-O 16. Bd3 Qe7 17. h4 f6 18. h5 Bf7 19. Rhf1 Qc7 20. a3 Qa5 21. Ka1 b5
22. Na2 Qxa3 23. Qb4 Qxa2# {White checkmated} 0-1

[Event "Team 45 45 League T41"]
[Site "Internet Chess Club"]
[Date "2009.05.25"]
[Round "4"]
[White "Nikhil03"]
[Black "SeniorCitizen"]
[Result "1-0"]
[WhiteElo "1503"]
[BlackElo "1355"]
[Opening "French: exchange variation"]
[ECO "C01"]
[Time "15:00:08"]
[TimeControl "2700+45"]

1. e4 e6 2. d4 d5 3. exd5 exd5 4. Nf3 Nf6 5. Nc3 Be6 6. Bg5 Be7 7. Bb5+ c6 8.
Bd3 Nbd7 9. O-O O-O 10. Ne2 Ne4 11. Bxe7 Qxe7 12. Re1 Ng5 13. Nf4 Nxf3+ 14. Qxf3
Qd6 15. Nxe6 fxe6 16. Qh3 g6 17. Qxe6+ Qxe6 18. Rxe6 Nb6 19. Re7 Rf7 20. Rxf7
Kxf7 21. Re1 Re8 22. Rxe8 Kxe8 23. f4 Kf7 24. g3 Kf6 25. Kf2 h6 26. Kf3 Na4 27.
b3 Nb6 28. h4 Nc8 29. c4 b6 30. cxd5 cxd5 31. g4 Ne7 32. g5+ hxg5 33. fxg5+ Kg7
34. Kf4 Kf7 35. Ke5 {Black resigns} 1-0

[Event "Team 45 45 League T41"]
[Site "Internet Chess Club"]
[Date "2009.05.26"]
[Round "4"]
[White "chips"]
[Black "rayspokemon"]
[Result "1-0"]
[WhiteElo "1195"]
[BlackElo "1316"]
[Opening "Four knights: Ranken variation"]
[ECO "C48"]
[Time "20:02:04"]
[TimeControl "2700+45"]

1. e4 e5 2. Nc3 Nf6 3. Nf3 Nc6 4. Bb5 a6 5. Bxc6 dxc6 6. Nxe5 Bd6 7. Nf3 Qe7 8.
d3 O-O 9. O-O Nd7 10. Bg5 f6 11. Bc1 Qf7 12. Be3 Ne5 13. d4 Nxf3+ 14. Qxf3 Qg6
15. Bf4 Bxf4 16. Qxf4 Bh3 17. Qf3 Bg4 18. Qf4 Rac8 19. Na4 Qg5 20. Qxg5 fxg5 21.
f3 Be6 22. Nc5 Bc4 23. Rfd1 Be2 24. Rd2 Bc4 25. b3 Bf7 26. Nxb7 Rb8 27. Nc5 Rb6
28. Nd7 Rd8 29. Nxb6 cxb6 30. c3 c5 31. d5 Kf8 32. c4 Ke7 33. Rad1 Kd6 34. Re2
Ke5 35. Red2 Kd6 36. Kf2 Be8 37. Kg3 Bd7 38. Re1 Ke5 39. Rf1 Rf8 40. Rdf2 h5 41.
h3 h4+ 42. Kh2 g6 43. g3 Kd4 44. gxh4 gxh4 45. Rg1 Rg8 46. Rfg2 Be8 47. Rg4 Ke3
48. Kg2 Ke2 49. Rxh4 Ke3 50. f4 Bf7 51. Re1+ Kd2 52. Kf2 Kd3 53. Re3+ Kd4 54.
Ke2 a5 55. Rd3+ Kxe4 56. d6 Be6 57. d7 Rd8 58. f5+ Kxf5 59. Rhd4 Kf6 60. Rd6 Ke7
61. Rxb6 Rxd7 62. Rxd7+ Bxd7 63. Rxg6 Bxh3 64. Ra6 Bf5 65. Rxa5 Bb1 66. a3 Ba2
67. Rxc5 Bxb3 68. Kd2 Kd6 69. Rd5+ Kc6 70. Rd4 Kc5 71. Kc3 Bd1 72. Rxd1 Kb6 73.
Kb4 Kc6 74. a4 Kb6 75. c5+ Kc6 76. a5 Kb7 77. Kb5 Kc7 78. Rh1 Kb7 79. Rh7+ Kc8
80. a6 Kb8 81. c6 Kc8 82. a7 Kd8 83. a8=Q# {Black checkmated} 1-0

[Event "Team 45 45 League T41"]
[Site "Internet Chess Club"]
[Date "2009.05.22"]
[Round "4"]
[White "clarinetref"]
[Black "jericho121"]
[Result "1-0"]
[WhiteElo "1725"]
[BlackElo "1525"]
[Opening "Réti: King's Indian attack"]
[ECO "A05"]
[Time "13:31:45"]
[TimeControl "2700+45"]

1. Nf3 Nf6 2. g3 g6 3. Bg2 Bg7 4. O-O O-O 5. c4 d6 6. d4 Nbd7 7. Re1 e5 8. e4
exd4 9. Nxd4 Re8 10. Nc3 a6 11. Rb1 Rb8 12. b3 c5 13. Nc2 Ne5 14. h3 h6 15. Ne3
Be6 16. Bb2 Nc6 17. Qd2 Qd7 18. Kh2 b5 19. cxb5 axb5 20. Rbd1 Nd4 21. Ne2 Bxh3
22. Nxd4 Bxg2 23. Nxg2 cxd4 24. Bxd4 Nxe4 25. Qf4 d5 26. f3 Ng5 27. g4 Qf5 28.
gxf5 {Black resigns} 1-0

[Event "Team 45 45 League T41"]
[Site "Internet Chess Club"]
[Date "2009.05.20"]
[Round "4"]
[White "cysk"]
[Black "tightfist"]
[Result "1-0"]
[WhiteElo "1582"]
[BlackElo "1655"]
[Opening "Caro-Kann: advance variation"]
[ECO "B12"]
[Time "22:01:46"]
[TimeControl "2700+45"]

1. e4 c6 2. d4 d5 3. e5 Bf5 4. h4 Qc8 5. Nc3 g6 6. h5 Bg4 7. f3 Be6 8. hxg6 fxg6
9. Nge2 h6 10. Nf4 Bf7 11. e6 Bxe6 12. Nxg6 Rh7 13. Nxf8 Kxf8 14. Bf4 Bf5 15.
Qd2 Qe6+ 16. Be2 Qg6 17. g4 Bxc2 18. Rc1 Bf5 19. gxf5 Qxf5 20. Bd3 Qe6+ 21. Qe3
Qxe3+ 22. Bxe3 Rh8 23. Kd2 Nd7 24. Bf4 h5 25. Bf5 Ndf6 26. Na4 Nh6 27. Bg6 Nf7
28. Nc5 Ke8 29. Nxb7 Rg8 30. Rcg1 Rg7 31. Nc5 Rg8 32. Ne6 Rc8 33. Nc7+ Kf8 34.
Bh6+ Nxh6 35. Ne6# {Black checkmated} 1-0